 Dungeon Crawl Stone Soup version 0.31.0-12-g77e489cdc1 (webtiles) character file.

Game seed: 10528688566219759442

1094 Fodor the Chopper (level 8, 0/105 HPs)
             Began as a Minotaur Fighter on Feb 21, 2024.
             Was an Initiate of Gozag.
             Slain by a steam dragon (2 damage)
             ... on level 6 of the Dungeon.
             The game lasted 00:21:37 (4321 turns).

Fodor the Chopper (Minotaur Fighter)                Turns: 4321, Time: 00:21:40

Health: 0/105      AC: 28    Str: 23    XL:     8   Next: 10%
Magic:  7/7        EV:  2    Int:  5    God:    Gozag
Gold:   345        SH:  5    Dex: 10    Spells: 7/7 levels left

rFire   . . .        a - +0 war axe
rCold   . . .        c - +0 buckler
rNeg    . . .        y - melded +0 chain mail
rPois   +            (helmet currently unavailable)
rElec   .            x - melded +0 cloak
rCorr   .            (gloves currently unavailable)
SInv    .            (boots currently unavailable)
Will    .....        (no amulet)
Stlth   +            g - +4 ring of protection
HPRegen 0.37/turn    (no ring)
MPRegen 0.10/turn

%: no passive effects
@: mighty, tree-form
A: stationary, stasis, torment immunity, boosted hp, (horns 2), (retaliatory
headbutt)
a: Renounce Religion, Potion Petition, Call Merchant, Bribe Branch


You were on level 6 of the Dungeon.
You worshipped Gozag.
Gozag was aware of your devotion.
You were a tree.
You visited 1 branch of the dungeon, and saw 6 of its levels.

You collected 386 gold pieces.
You paid 41 gold pieces to Gozag.

Inventory:

Hand Weapons
 a - a +0 war axe (weapon)
Armour
 c - a +0 buckler (worn)
 x - a +0 cloak (melded)
 y - a +0 chain mail (melded)
Jewellery
 g - a +4 ring of protection (left branch)
Talismans
 j - a storm talisman
Wands
 r - a wand of flame (5)
 w - a wand of iceblast (7)
Scrolls
 e - 4 scrolls of identify {unknown}
 f - a scroll of enchant weapon {unknown}
 i - 3 scrolls of enchant armour {unknown}
 l - a scroll of vulnerability {unknown}
 m - 2 scrolls of teleportation {unknown}
 o - a scroll of blinking {unknown}
 t - 2 scrolls of fear {unknown}
 v - a scroll of summoning {unknown}
 z - 2 scrolls of amnesia {unknown}
 A - a scroll of poison {unknown}
Potions
 b - a potion of curing {unknown}
 d - a potion of might
 h - a potion of lignification
 k - 2 potions of magic
 n - a potion of berserk rage {unknown}
 p - 2 potions of heal wounds {unknown}
 q - a potion of haste {unknown}
 s - a potion of invisibility {unknown}
 u - 3 potions of degeneration {unknown}


   Skills:
 + Level 6.1 Fighting
 + Level 7.6 Axes
 + Level 6.4 Armour
 + Level 2.1 Dodging
 + Level 1.1 Stealth
 + Level 5.1 Shields


You had 7 spell levels left.
You didn't know any spells.
Your spell library contained the following spells:

 Spells                   Type           Power      Damage    Failure   Level
 Freeze                   Ice            0%         1d3       54%         1
 Frozen Ramparts          Ice            0%         1d1       88%         3
 Hailstorm                Conj/Ice       0%         3d5       88%         3


Dungeon Overview and Level Annotations

Branches:
Dungeon (6/15)             Temple (0/1) D:5

Altars:
Cheibriados
Gozag
Vehumet

Shops:
D:3 (

Annotations:
D:3 1 runed translucent door, 7151Change's ghost, amateur DrNe
D:6 Pikel


Innate Abilities, Weirdness & Mutations

You are a tree.
Your roots penetrate the ground, keeping you stationary.
You cannot be teleported.
You are immune to unholy pain and torment.
Your maximum health is greatly increased.
Your equipment is partially melded.
((You have a pair of horns on your head.))
((You reflexively headbutt those who attack you in melee.))


Message History

Pikel freezes you. The lemure hits you but does no damage. The lemure hits you!
The lemure hits you.
You closely miss Pikel.
Pikel is almost dead.
You barely miss the lemure. You hit the lemure but do no damage.
You closely miss the lemure.
You are engulfed in a cloud of scalding steam.
Pikel checks his coin pouch and frowns.
You block Pikel's attack. The lemure barely misses you.
The lemure closely misses you. You furiously retaliate!
You headbutt the lemure! The lemure hits you but does no damage.
Pikel hits you but does no damage.
You closely miss Pikel. Your headbutt misses Pikel.
Pikel is almost dead.
You slash the lemure! You closely miss the lemure. You hit the lemure.
You are engulfed in a cloud of scalding steam.
* * * LOW HITPOINT WARNING * * *
The lemure hits you but does no damage. The lemure barely misses you.
You furiously retaliate!
You headbutt the lemure. The lemure hits you but does no damage.
Pikel closely misses you.
You feel very mighty all of a sudden.
The lemure hits you but does no damage. x2; The lemure completely misses you.
You furiously retaliate!
You headbutt the lemure!
The steam dragon bites you but does no damage.
The steam dragon claws you.
* * * LOW HITPOINT WARNING * * *
Pikel barely misses you.
It was a potion of magic.
Magic courses through your body. The lemure hits you but does no damage.
The lemure hits you.
* * * LOW HITPOINT WARNING * * *
The steam dragon misses you.
The steam dragon claws you but does no damage.
The lemure barely misses you. Pikel closely misses you.
It was a potion of lignification.
You turn into a tree.
Your +0 cloak melds into your body.
Your +0 chain mail melds into your body.
Your roots penetrate the ground.
The lemure hits you but does no damage. x3
The steam dragon bites you.
You die...
Your body crumbles into a pile of gold.

......< .......
....... .......
#####.....
#####.......
..........#
......D...#
..?..l5♣..#
......5K5.#
.......s..#
................
.......!#.......
....<..##.......
....... .......
....$.. .......
....... .......


You could see Pikel, a steam dragon, 3 lemures, a scorpion and an iguana.

Vanquished Creatures
  Eustachio (D:5)
  The ghost of Saint1 the Trooper, an amateur MiFi (D:4)
  Blork the orc (D:5)
  A bullfrog (D:4)
  2 scorpions
  A bombardier beetle (D:6)
  6 hounds
  A jelly (D:5)
  An orc priest (D:4)
  An iguana (D:5)
  2 orc wizards (D:3)
  7 adders
  A shadow imp (D:6)
  3 ribbon worms
  4 dart slugs
  16 orcs
  2 bats
  8 endoplasms
  7 giant cockroaches
  7 goblins
  4 hobgoblins
  4 jackals (D:4)
  10 kobolds
  3 quokkas
  6 ball pythons
  2 frilled lizards (D:1)
  13 rats
115 creatures vanquished.

Vanquished Creatures (others)
  A lemure (D:6)
1 creature vanquished.

Grand Total: 116 creatures vanquished

Notes
Turn   | Place    | Note
-------+----------+-------------------------------------------
     0 | D:1      | Fodor the Minotaur Fighter began the quest for the Orb.
     0 | D:1      | Reached XP level 1. HP: 19/19 MP: 0/0
   255 | D:1      | Reached XP level 2. HP: 27/27 MP: 1/1
   460 | D:1      | Found a faded altar of an unknown god.
   742 | D:2      | Reached skill level 3 in Axes
   742 | D:2      | Reached XP level 3. HP: 33/33 MP: 2/2
  1092 | D:2      | Reached XP level 4. HP: 37/40 MP: 3/3
  1564 | D:3      | Reached skill level 4 in Axes
  1632 | D:3      | Found Hurosch's Antique Weapon Emporium.
  1838 | D:3      | Reached XP level 5. HP: 34/47 MP: 4/4
  1954 | D:3      | Reached skill level 1 in Dodging
  2081 | D:3      | Noticed 7151Change's ghost (amateur DrNe)
  2082 | D:3      | Found a runed translucent door.
  2253 | D:4      | Reached skill level 5 in Axes
  2266 | D:4      | Reached skill level 5 in Fighting
  2411 | D:4      | Found a radiant altar of Vehumet.
  2632 | D:4      | Reached XP level 6. HP: 51/56 MP: 5/5
  2802 | D:4      | Found an opulent altar of Gozag.
  2807 | D:4      | Became a worshipper of Gozag Ym Sagoz the Greedy
  3028 | D:4      | Found a runed translucent door.
  3042 | D:4      | Noticed Saint1's ghost (amateur MiFi)
  3045 | D:4      | You fall into a shaft and drop 2 floors!
  3063 | D:6      | Reached skill level 5 in Armour
  3091 | D:5      | Entered Level 5 of the Dungeon
  3283 | D:4      | Killed Saint1's ghost
  3284 | D:4      | Reached skill level 6 in Axes
  3287 | D:4      | Reached XP level 7. HP: 27/61 MP: 6/6
  3519 | D:5      | Noticed Eustachio
  3539 | D:5      | Killed Eustachio
  3710 | D:5      | Found a staircase to the Ecumenical Temple.
  3718 | D:5      | Reached skill level 7 in Axes
  3787 | D:5      | Reached skill level 1 in Stealth
  3846 | D:5      | Reached XP level 8. HP: 68/70 MP: 7/7
  3876 | D:5      | Noticed Blork the orc
  3887 | D:5      | Killed Blork the orc
  3888 | D:5      | Reached skill level 5 in Shields
  4262 | D:5      | Found a snail-covered altar of Cheibriados.
  4304 | D:6      | Noticed Pikel
  4318 | D:6      | HP: 2/70 [steam dragon] (20)]
  4321 | D:6      | Slain by a steam dragon

Illustrated notes

Levels and vault maps discovered:
D:1:      wander_arrival_abandoned_jail, layout_basic,
          ebering_ecumenical_altar_mist
D:2:      layout_loops_corners, kennysheep_generic_room_10
D:3:      layout_loops_ring, hellmonk_ghost_happy_afterlife, serial_shops, shop,
          minmay_cupped
D:4:      layout_basic, old_standard_altar, kennysheep_little_box,
          ebering_ghost_sewer_d
D:5:      layout_loops_ring, slow_altar_2, minmay_temple_entry_drinking_statues,
          minmay_bent, uniq_blork_the_orc, uniq_eustachio
D:6:      black_bear_nest_1, layout_rooms, lemuel_crystal_altar,
          mainiacjoe_overflow_surrounded_room, nicolae_wu_jian_glorious_leap,
          chequers_serial_rivers_micro_a, uniq_prince_ribbit1, uniq_pikel,
          uniq_jeremiah

Skill      XL: |  1  2  3  4  5  6  7  8 |
---------------+-------------------------+-----
Shields        | 4 5 |  5.1
Fighting       | 4 5 6 |  6.1
Armour         | 4 5 6 |  6.4
Axes           | 3 4 5 6 7 |  7.6
Dodging        | 1 2 |  2.1
Stealth        | 1 |  1.1

Action                     |  1- 3 |  4- 6 |  7- 9 || total
---------------------------+-------+-------+-------++-------
  Melee: War axe           |    65 |   144 |    94 ||   303
         Headbutt          |     8 |    21 |    12 ||    41
    Use: Potion            |       |       |     3 ||     3
   Stab: Distracted        |       |       |     2 ||     2
 Armour: Scale mail        |    43 |   104 |    28 ||   175
         Chain mail        |       |       |    52 ||    52
         Skin              |       |       |    11 ||    11
  Dodge: Dodged            |    26 |    56 |    56 ||   138
  Block: Buckler           |    16 |    29 |    41 ||    86
